 Dungeon Crawl Stone Soup version 0.23-b1-59-g586d0d887c (webtiles) character file.

Game seed: 6906191097065171632

2262 Revguard the Cleaver (level 9, -14/71 HPs)
             Began as a Demonspawn Chaos Knight on Feb 5, 2019.
             Was a Plaything of Xom.
             Demolished by a red ugly thing (28 damage)
             ... on level 6 of the Dungeon.
             The game lasted 00:23:48 (5570 turns).

Revguard the Cleaver (Demonspawn Chaos Knight)      Turns: 5570, Time: 00:23:49

Health: -14/71     AC: 10    Str: 15      XL:     9   Next: 15%
Magic:  9/9        EV: 13    Int: 15 (18) God:    Xom [.*....]
Gold:   515        SH:  0    Dex: 13 (14) Spells: 8/8 levels left

rFire    x . .     SeeInvis .   a - +0 hand axe (chaos)
rCold    + . .     Gourm    .   (no shield)
rNeg     . . .     Faith    +   b - +3 leather armour
rPois    .         Spirit   .   (helmet restricted)
rElec    .         Reflect  .   n - +0 cloak
rCorr    .         Harm     .   (no gloves)
MR       +....                  (no boots)
Stlth    +.........             w - amulet of faith
HPRegen  0.21/turn              h - ring of protection from magic
MPRegen  0.11/turn              j - ring of ice

@: brilliant
A: antennae 2, molten scales 2, screaming 1, spiny 2
a: Renounce Religion


You were on level 6 of the Dungeon.
You worshipped Xom.
You were a plaything of Xom.
You were not hungry.

You visited 1 branch of the dungeon, and saw 6 of its levels.

You collected 515 gold pieces.

Inventory:

Hand Weapons
 a - a +0 hand axe of chaos (weapon)
Armour
 b - a +3 leather armour (worn)
 n - a +0 cloak (worn)
Jewellery
 g - an uncursed ring of resist corrosion
 h - a ring of protection from magic (left hand)
 j - a ring of ice (right hand)
 w - an amulet of faith (around neck)
Wands
 m - a wand of flame (16)
 o - a wand of iceblast (7)
Scrolls
 d - 2 scrolls of teleportation
 e - 2 scrolls of immolation
 i - a scroll of amnesia
 k - 6 scrolls of identify
 p - a scroll of summoning {unknown}
 q - a scroll of magic mapping
 r - a scroll of enchant weapon {unknown}
 s - a scroll of noise {unknown}
 t - 3 scrolls of remove curse
Potions
 f - a potion of might
 l - 2 potions of curing
 u - 2 potions of haste
Comestibles
 c - 10 rations


   Skills:
 + Level 6.4 Fighting
 + Level 8.6 Axes
 + Level 4.0 Armour
 + Level 4.3 Dodging


You had 8 spell levels left.
You didn't know any spells.
Your spell library contained the following spells:

 Spells                   Type           Power        Failure   Level  Hunger
 Freeze                   Ice            ##..         4%          1    ##.....
 Throw Frost              Conj/Ice       ##....       6%          2    ###....
 Ozocubu's Armour         Chrm/Ice       ##......     11%         3    ####...
 Summon Ice Beast         Ice/Summ       ##......     30%         4    #####..
 Throw Icicle             Conj/Ice       ##......     30%         4    #####..


Dungeon Overview and Level Annotations

Branches:
Dungeon (6/15)
 Temple: D:4-7

Altars:
Elyvilon
Fedhas
Gozag
Kikubaaqudgha
Nemelex Xobeh
Sif Muna
Uskayaw
Xom
Yredelemnul

Shops:
D:4 *


Innate Abilities, Weirdness & Mutations

You have a pair of antennae on your head.
You are mostly covered in molten scales. (AC +3)
You are mostly covered in sharp spines.
You occasionally shout uncontrollably at your foes.


Message History

You hit the red ugly thing.
The red ugly thing seems to slow down.
The red ugly thing is heavily wounded.
You barely miss the red ugly thing.
The red ugly thing is heavily wounded.
The red ugly thing gores you!
You are engulfed in flames!!
The fire burns you terribly!
* * * LOW HITPOINT WARNING * * *
It was a potion of brilliance.
You feel clever all of a sudden.
Xom roars with laughter!
You closely miss the red ugly thing.
The red ugly thing is heavily wounded.
The red ugly thing is no longer moving slowly.
The red ugly thing is struck by your spines.
The red ugly thing gores you!
* * * LOW HITPOINT WARNING * * *
You are engulfed in flames!!
The fire burns you terribly!
Xom roars with laughter!
You die...
Xom snickers!

#....#####...##..######
#.#...####.......#..#..
##...#....#####...#..'..
#..........# ###.######
#####..........# ##..##..
#..........)...## #......
#.##########.(.(## #.#####
#†# ##.....####.(## ##.#
#.# #..###.@# ##.(###..##
#.# #.8#Z#8u# ##.......###
##.###.##[##'#
###...#...##
#...#8..#[+... ##.........
#.#.'...#$#..8#
##..........
#..####'##$##+##
##..#........ #..#
#.#.8#?#8.#.##..##........
#..#
#.#..###..#....###..(.....
#.#
#.##..+..####..####.......


You could see a red ugly thing and a howler monkey zombie.

Vanquished Creatures
  Prince Ribbit (D:6)
  Grinder (D:4)
  Menkaure (D:4)
  A phantom (D:4)
  An orc warrior (D:6)
  4 ogres
  2 centaurs (D:6)
  4 bullfrogs
  2 scorpions
  A jelly (D:6)
  A crimson imp (D:6)
  A bullfrog zombie (D:6)
  2 orc wizards (D:6)
  Crazy Yiuf (D:4)
  A bullfrog skeleton (D:6)
  3 orc priests (D:6)
  A centaur skeleton (D:6)
  2 worker ants
  A hound skeleton (D:4)
  A worker ant zombie (D:2)
  Robin (D:2)
  12 gnolls
  A howler monkey skeleton (D:6)
  5 adders
  2 shadow imps
  An ooze (D:5)
  An adder skeleton (D:6)
  3 worms (D:3)
  4 dart slugs
  2 leopard geckos
  7 orcs
  A ball python (D:6)
  5 giant cockroaches
  25 goblins
  7 hobgoblins
  7 jackals
  6 kobolds
  6 quokkas
  4 bats
  8 frilled lizards
  A giant cockroach zombie (D:5)
  7 rats
148 creatures vanquished.

Notes
Turn   | Place    | Note
-------+----------+-------------------------------------------
     0 | D:1      | Revguard the Demonspawn Chaos Knight began the quest for
                  | the Orb.
     0 | D:1      | Reached XP level 1. HP: 18/18 MP: 1/1
    21 | D:1      | XOM: potion effect (haste)
    48 | D:1      | XOM: silly message
    54 | D:1      | Reached skill level 3 in Axes
   111 | D:1      | Gained mutation: You are partially covered in sharp spines.
                  | [demonic ancestry]
   111 | D:1      | Reached XP level 2. HP: 24/24 MP: 2/2
   300 | D:1      | XOM: scenery: 1 doors open, 1 doors close
   561 | D:2      | XOM: god gift: 34 gold pieces
   625 | D:2      | Reached XP level 3. HP: 29/29 MP: 3/3
   767 | D:2      | Noticed Robin
   775 | D:2      | Killed Robin
   775 | D:2      | Reached skill level 1 in Dodging
   775 | D:2      | Gained mutation: You are mostly covered in sharp spines.
                  | [demonic ancestry]
   775 | D:2      | Reached XP level 4. HP: 17/36 MP: 4/4
   848 | D:2      | XOM: give mutations
   848 | D:2      | Gained mutation: You are frail. (-10% HP) [Xom's mischief]
   848 | D:2      | Gained mutation: You occasionally shout uncontrollably at
                  | your foes. [Xom's mischief]
   926 | D:2      | Reached skill level 4 in Axes
   990 | D:2      | XOM: god gift: 41 gold pieces
   998 | D:2      | XOM: god gift: 33 gold pieces
  1001 | D:2      | Gained mutation: You are partially covered in molten
                  | scales. (AC +2) [demonic ancestry]
  1001 | D:2      | Reached XP level 5. HP: 24/37 MP: 5/5
  1609 | D:3      | XOM: medium Air miscast
  1926 | D:3      | XOM: harmless Fire miscast
  2206 | D:3      | Found a hide-covered altar of Uskayaw.
  2314 | D:3      | Found a white marble altar of Elyvilon.
  2745 | D:4      | Found an opulent altar of Gozag.
  2747 | D:4      | Found Gozag's Platinum Reserve.
  2853 | D:4      | Reached skill level 5 in Axes
  2853 | D:4      | Gained mutation: You have a pair of small antennae on your
                  | head. [demonic ancestry]
  2853 | D:4      | Reached XP level 6. HP: 20/43 MP: 6/6
  2881 | D:4      | XOM: noise
  2902 | D:4      | XOM: cast spell 'Olgreb's Toxic Radiance'
  3064 | D:4      | Noticed Grinder
  3067 | D:4      | Paralysed by Grinder for 6 turns
  3070 | D:4      | XOM: potion effect (might)
  3084 | D:4      | Killed Grinder
  3084 | D:4      | Reached skill level 6 in Axes
  3084 | D:4      | Gained mutation: You have a pair of antennae on your head.
                  | [demonic ancestry]
  3084 | D:4      | Reached XP level 7. HP: 18/49 MP: 7/7
  3334 | D:4      | Noticed Menkaure
  3336 | D:4      | XOM: scenery: create altars
  3345 | D:4      | Killed Menkaure
  3411 | D:4      | XOM: divination: detect items
  3423 | D:4      | Reached skill level 5 in Fighting
  3615 | D:4      | Found a runed translucent door.
  3616 | D:4      | Noticed Crazy Yiuf
  3627 | D:4      | Killed Crazy Yiuf
  4009 | D:5      | Entered Level 5 of the Dungeon
  4212 | D:5      | Found a basalt altar of Yredelemnul.
  4213 | D:5      | Found a shimmering altar of Xom.
  4213 | D:5      | XOM: 2-stop teleportation journey
  4341 | D:5      | XOM: 4-stop teleportation journey
  4487 | D:5      | Gained mutation: You are mostly covered in molten scales.
                  | (AC +3) [demonic ancestry]
  4487 | D:5      | Reached XP level 8. HP: 55/55 MP: 8/8
  4498 | D:5      | Found a sparkling altar of Nemelex Xobeh.
  4705 | D:6      | XOM: enchant monster (good)
  4708 | D:6      | Reached skill level 7 in Axes
  4716 | D:6      | XOM: polymorph orc -> quokka
  4853 | D:6      | XOM: polymorph ooze -> giant cockroach
  4859 | D:6      | Noticed Prince Ribbit
  4872 | D:6      | Killed Prince Ribbit
  4872 | D:6      | Reached skill level 8 in Axes
  5027 | D:6      | XOM: potion effect (agility)
  5033 | D:6      | Reached XP level 9. HP: 52/62 MP: 9/9
  5177 | D:6      | Found a deep blue altar of Sif Muna.
  5222 | D:6      | Found an ancient bone altar of Kikubaaqudgha.
  5224 | D:6      | Found a blossoming altar of Fedhas.
  5353 | D:6      | XOM: give mutation
  5353 | D:6      | Lost mutation: You are frail. (-10% HP) [Xom's mischief]
  5560 | D:6      | Noticed a red ugly thing
  5570 | D:6      | Demolished by a red ugly thing

Skill      XL: |  1  2  3  4  5  6  7  8  9 |
---------------+----------------------------+-----
Axes           | 3 4 5 6 8 |  8.6
Armour         | 2 3 4 |  4.0
Dodging        | 1 2 3 4 |  4.3
Fighting       | 4 5 6 |  6.4

Action                   |  1- 3 |  4- 6 |  7- 9 || total
-------------------------+-------+-------+-------++-------
Melee: Hand axe          |    57 |   124 |   164 ||   345
  Use: Scroll            |     5 |     1 |     4 ||    10
       Potion            |     1 |     3 |     7 ||    11
 Stab: Paralysed         |     1 |     2 |     5 ||     8
       Petrifying        |       |     1 |     2 ||     3
       Petrified         |       |     1 |     7 ||     8
       Confused          |       |       |     3 ||     3
  Eat: Chunk             |       |     7 |     4 ||    11
       Ration            |       |       |     1 ||     1
Armor: Leather armour    |    17 |    38 |    39 ||    94
Dodge: Dodged            |    41 |    68 |    86 ||   195
